 Dungeon Crawl Stone Soup version 0.29.1-15-g9cfb28693d (webtiles) character file.

Game seed: 12853852697425455978

5415 386 the Protected (level 10, -14/84 HPs)
             Began as a Minotaur Fighter on Mar 21, 2023.
             Was a Priest of Cheibriados.
             Demolished by a two-headed ogre
             ... wielding a +0 giant club
              (21 damage)
             ... on level 11 of the Dungeon.
             The game lasted 00:38:58 (6597 turns).

386 the Protected (Minotaur Fighter)                Turns: 6597, Time: 00:38:59

Health: -14/84     AC: 15    Str: 26 (29) XL:     10   Next: 40%
Magic:  8/11       EV: 14    Int: 14 (16) God:    Cheibriados [***...]
Gold:   456        SH:  5    Dex: 15 (17) Spells: 9/9 levels left

rFire   . . .      SeeInvis .   G - +3 spear (freeze)
rCold   . . .      Faith    .   c - +0 buckler
rNeg    + . .      Spirit   .   P - +0 swamp dragon scales
rPois   +          Reflect  .   (helmet restricted)
rElec   .          Harm     .   n - +2 cloak of Izonui {Regen+ Int+4 Dex-3}
rCorr   .          Rampage  .   z - +0 pair of gloves
Will    +....                   (no boots)
Stlth   +.........              (no amulet)
HPRegen 1.04/turn               e - ring of positive energy
MPRegen 0.12/turn               K - ring of willpower

@: about to teleport, very slow
A: horns 2, retaliatory headbutt
a: Renounce Religion, Bend Time, Temporal Distortion


You were on level 11 of the Dungeon.
You worshipped Cheibriados.
Cheibriados was most pleased with you.
You visited 2 branches of the dungeon, and saw 11 of its levels.
You also visited: Ossuary.

You collected 456 gold pieces.

Inventory:

Hand Weapons
 G - a +3 spear of freezing (weapon)
 L - a +4 trident
 Q - a +3 long sword
Missiles
 r - 35 poisoned darts (quivered)
 t - 4 atropa-tipped darts
 w - 4 curare-tipped darts
Armour
 b - a +0 scale mail
 c - a +0 buckler (worn)
 n - the +2 cloak of Izonui (worn) {Regen+ Int+4 Dex-3}
   (You found it on level 2 of the Dungeon)

   Int:       It affects your intelligence (+4).
   Dex:       It affects your dexterity (-3).
   Regen:     It increases your rate of health regeneration.
 z - a +0 pair of gloves (worn)
 P - +0 swamp dragon scales (worn)
Jewellery
 e - a ring of positive energy (left hand)
 K - a ring of willpower (right hand)
Wands
 a - a wand of polymorph (8)
 p - a wand of charming (21)
 v - a wand of roots (17)
 E - a wand of digging (6)
 N - a wand of flame (13)
Scrolls
 g - a scroll of torment {unknown}
 i - 3 scrolls of fog
 j - 3 scrolls of enchant armour {unknown}
 k - 11 scrolls of identify
 l - 3 scrolls of blinking {unknown}
 m - 4 scrolls of teleportation
 o - 3 scrolls of brand weapon {unknown}
 s - 3 scrolls of fear {unknown}
 u - 3 scrolls of vulnerability {unknown}
 y - a scroll of silence {unknown}
 A - 2 scrolls of immolation {unknown}
 B - 2 scrolls of enchant weapon {unknown}
 F - a scroll of acquirement {unknown}
 M - a scroll of summoning
Potions
 d - a potion of might
 f - a potion of curing
 h - a potion of heal wounds {unknown}
 q - 2 potions of degeneration
 x - 2 potions of lignification {unknown}
 C - a potion of berserk rage {unknown}
 D - a potion of cancellation {unknown}
 H - a potion of mutation {unknown}
 J - a potion of flight {unknown}
 O - a potion of attraction {unknown}
 R - a potion of haste {unknown}
Miscellaneous
 I - a lightning rod (4/4)


   Skills:
 - Level 6.9 Fighting
 - Level 7.1(8.5) Axes
 + Level 7.0(8.4) Polearms
 - Level 3.0 Throwing
 + Level 10.6 Armour
 + Level 7.1 Dodging
 - Level 6.0 Shields
 - Level 3.0 Invocations


You had 9 spell levels left.
You didn't know any spells.
Your spell library contained the following spells:

 Spells                   Type           Power      Damage    Failure   Level
 Sublimation of Blood     Necr           0%         N/A       58%         2
 Summon Guardian Golem    Hex/Summ       0%         N/A       83%         3
 Leda's Liquefaction      Hex/Erth       0%         N/A       99%         4
 Petrify                  Tmut/Erth      0%         N/A       99%         4
 Irradiate                Conj/Tmut      0%         3d11      100%        5
 Lee's Rapid Deconstruct  Erth           0%         3d5*      100%        5
 Statue Form              Tmut/Erth      0%         N/A       100%        6
 Orb of Destruction       Conj           0%         9d5       100%        7
 Spellforged Servitor     Conj/Summ      0%         N/A       100%        7


Dungeon Overview and Level Annotations

Branches:
Dungeon (9/15)             Temple (1/1) D:6         Ossuary (visited)
   Lair: D:8-11         Orc: D:9-12

Altars:
Ashenzari
Cheibriados
Dithmenos
Elyvilon
Fedhas
Gozag
Hepliaklqana
Kikubaaqudgha
Makhleb
Nemelex Xobeh
Okawaru
Qazlal
Ru
Trog
Uskayaw
Vehumet
Wu Jian
Xom
Yredelemnul
Zin
The Shining One

Shops:
D:1 ?   D:2 [

Annotations:
D:3 1 runed translucent door, H0rd4k's ghost, amateur OpAr


Innate Abilities, Weirdness & Mutations

You have a pair of horns on your head.
You reflexively headbutt those who attack you in melee.


Message History

You puncture the two-headed ogre! You freeze the two-headed ogre.
The two-headed ogre is moderately wounded.
The two-headed ogre hits you with a +0 giant club!! x2
You are too injured to fight recklessly!
You are too injured to fight recklessly!
You are too injured to fight recklessly!
You are too injured to fight recklessly!
It was a potion of degeneration.
There was something very wrong with that liquid.
You feel weakened.
You feel dopey.
You feel clumsy.
You feel better.
The two-headed ogre hits you with a +0 giant club!!
The two-headed ogre barely misses you.
You fail to use your ability.
The two-headed ogre closely misses you. x2
Okay, then.
The flow of time bends around you.
Cheibriados rebukes the two-headed ogre.
The two-headed ogre seems to slow down.
You are too injured to fight recklessly!
You are too injured to fight recklessly!
You are too injured to fight recklessly!
You are too injured to fight recklessly!
You puncture the two-headed ogre! You freeze the two-headed ogre.
You headbutt the two-headed ogre!
The two-headed ogre is severely wounded.
The two-headed ogre hits you with a +0 giant club!!
* * * LOW HITPOINT WARNING * * *
The two-headed ogre hits you with a +0 giant club.
* * * LOW HITPOINT WARNING * * *
As you read the scroll labelled XESOST ZIFITS, it crumbles to dust.
You feel strangely unstable.
It was a scroll of teleportation.
The centaur unwields a +0 shortbow.
The centaur hits you but does no damage.
You block the centaur's attack.
The centaur hits you but does no damage.
The centaur kicks you.
* * * LOW HITPOINT WARNING * * *
The two-headed ogre attacks as you move away!
The two-headed ogre hits you with a +0 giant club!!
You die...

.. #.
...##.###
#......#
#...#.####
#.......###
###.###...#
8.8 #.#.#
#..8. #O#c#
#.8.8 #.@.#
#..8. #.#.#
..8.8 #...#
..#...
##..##
##..#
##.######
#......#
#.####.#
#.# #


You could see a two-headed ogre (slow) and a centaur.

Vanquished Creatures
  A centaur warrior (D:8)
  A two-headed ogre (D:9)
  Pikel (D:4)
  Maggie (D:8)
  Psyche (D:8)
  A troll (D:11)
  A yak (D:8)
  An acid dragon (D:8)
  3 orc warriors
  A sky beast (D:8)
  2 kobold brigands (D:8)
  3 lemures (D:4)
  4 centaurs
  Blork the orc (D:6)
  2 bullfrogs
  3 scorpions
  3 necrophages
  9 wights
  4 killer bees (D:9)
  2 howler monkeys
  A hound (D:6)
  2 orc priests (D:6)
  3 jellies
  3 iguanas (D:6)
  2 orc wizards
  8 gnolls
  15 adders
  A white imp (D:7)
  An ufetubus (D:6)
  3 worms
  5 dart slugs
  26 orcs
  2 ball pythons
  5 bats
  7 endoplasms
  2 giant cockroaches
  7 goblins
  6 hobgoblins
  2 jackals (D:2)
  12 kobolds
  8 quokkas
  4 frilled lizards
  9 hobgoblin zombies (Ossuary)
  5 kobold zombies (Ossuary)
  6 orc zombies (Ossuary)
  2 rats
192 creatures vanquished.

Vanquished Creatures (others)
  3 plants (D:5)
3 creatures vanquished.

Grand Total: 195 creatures vanquished

Notes
Turn   | Place    | Note
-------+----------+-------------------------------------------
     0 | D:1      | 386 the Minotaur Fighter began the quest for the Orb.
     0 | D:1      | Reached XP level 1. HP: 19/19 MP: 0/0
    59 | D:1      | Found Vaoritz's Magic Scroll Shop.
   370 | D:1      | Reached XP level 2. HP: 27/27 MP: 1/1
   763 | D:2      | Reached skill level 4 in Armour
   785 | D:2      | Reached XP level 3. HP: 33/33 MP: 2/2
  1113 | D:2      | Identified the +2 cloak of Izonui {Regen+ Int+4 Dex-3}
  1266 | D:2      | Found Kaodel's Armour Emporium.
  1459 | D:3      | Reached XP level 4. HP: 41/41 MP: 3/3
  1477 | D:3      | Found a runed translucent door.
  1482 | D:3      | Noticed H0rd4k's ghost (amateur OpAr)
  1646 | D:3      | Found a bloodstained altar of Trog.
  2204 | D:3      | Reached XP level 5. HP: 43/47 MP: 4/4
  2355 | D:4      | Noticed a lemure
  2355 | D:4      | Noticed a lemure
  2356 | D:4      | Noticed Pikel
  2387 | D:4      | Killed a lemure
  2393 | D:4      | Killed a lemure
  2436 | D:4      | Noticed a lemure
  2452 | D:4      | Killed a lemure
  2464 | D:4      | Noticed a lemure
  2483 | D:4      | Killed Pikel
  2484 | D:4      | Reached skill level 5 in Axes
  2484 | D:4      | Reached skill level 5 in Armour
  2484 | D:4      | Reached skill level 5 in Shields
  2484 | D:4      | Reached XP level 6. HP: 36/57 MP: 5/5
  2484 | D:4      | Reached XP level 7. HP: 40/63 MP: 6/6
  2590 | D:4      | Found a burning altar of Makhleb.
  2595 | D:4      | Noticed a green death
  2600 | D:4      | Found a glowing silver altar of Zin.
  2600 | D:4      | Noticed an angel
  2637 | D:4      | Reached skill level 6 in Armour
  3139 | D:5      | Entered Level 5 of the Dungeon
  3151 | D:5      | Found an ancient bone altar of Kikubaaqudgha.
  3361 | D:5      | Found a glowing golden altar of the Shining One.
  3878 | D:6      | Found a sand-covered staircase.
  3930 | D:6      | Reached XP level 8. HP: 66/71 MP: 7/7
  4021 | D:6      | Found a staircase to the Ecumenical Temple.
  4029 | Temple   | Entered the Ecumenical Temple
  4034 | Temple   | Became a worshipper of Cheibriados the Contemplative
  4103 | Ossuary  | Entered an ossuary
  4166 | Ossuary  | Reached * piety under Cheibriados
  4234 | D:6      | Found a shadowy altar of Dithmenos.
  4276 | D:6      | Reached skill level 7 in Armour
  4353 | D:6      | Reached skill level 1 in Throwing
  4353 | D:6      | Reached skill level 1 in Dodging
  4353 | D:6      | Reached skill level 1 in Invocations
  4535 | D:6      | Noticed Blork the orc
  4549 | D:6      | Killed Blork the orc
  5451 | D:9      | Reached ** piety under Cheibriados
  5510 | D:9      | Reached skill level 1 in Polearms
  5510 | D:9      | Reached skill level 8 in Armour
  5603 | D:9      | Reached XP level 9. HP: 78/78 MP: 10/10
  5810 | D:9      | Noticed a two-headed ogre
  5822 | D:9      | Killed a two-headed ogre
  5877 | D:9      | Reached skill level 9 in Armour
  5901 | D:8      | Reached skill level 5 in Dodging
  5928 | D:8      | Noticed Psyche
  5939 | D:8      | Killed Psyche
  5957 | D:8      | Noticed Maggie
  5969 | D:8      | Reached skill level 5 in Polearms
  5982 | D:8      | Killed Maggie
  6255 | D:8      | Noticed a centaur warrior
  6275 | D:8      | Killed a centaur warrior
  6276 | D:8      | Reached skill level 10 in Armour
  6276 | D:8      | Reached XP level 10. HP: 58/84 MP: 8/11
  6324 | D:8      | Reached *** piety under Cheibriados
  6513 | D:8      | You fall into a shaft and drop 3 floors!
  6580 | D:11     | Noticed a two-headed ogre
  6580 | D:11     | Noticed a two-headed ogre
  6597 | D:11     | Demolished by a two-headed ogre

Illustrated notes

Levels and vault maps discovered:
D:1:      pf_arrival_petrified_forest, layout_basic, serial_shops, shop_statue,
          grunt_decor_clamped, minmay_misc_feat_plants, roderic_roman_lattice
D:2:      layout_rooms, serial_shops, nicolae_shop_behind_doors
D:3:      layout_loops_cross, marbit_many_paths, ebering_ghost_sewer_d
D:4:      layout_cave_pods, grunt_temple_overflow_order_and_chaos_2, uniq_pikel
D:5:      corexii_shack_village, layout_rooms, mainiacjoe_overflow_paths,
          mainiacjoe_overflow_chevrons
D:6:      layout_gridville, lemuel_tele_altar, temple_fountains,
          enter_ossuary_5, uniq_blork_the_orc
D:7:      layout_loops_ring
D:8:      minmay_opposing_rooms, layout_basic, lemuel_blue_sif_altar,
          roderic_lattice_a, uniq_maggie, uniq_psyche, uniq_grum
D:9:      layout_cave_pods, due_lair_maze_entry_diamond, orc_0_dummy
D:11:     minmay_the_grid_octo_tiled_squarecenter_mashed
          [minmay_the_grid_octo_clover_2, minmay_the_grid_octo_tetromino_candy,
          minmay_the_grid_octo_concentric, minmay_the_grid_octo_77,
          minmay_the_grid_square_5x5_megaprize_crossed,
          minmay_the_grid_square_5x5_lines, minmay_the_grid_square_5x5_moneybag,
          minmay_the_grid_square_5x5_checkered_statues,
          minmay_the_grid_square_5x5_longway], layout_loops_ring,
          serial_aquarium, aquarium_bridge_square [aquarium_subvault_bridge,
          aquarium_subvault_window, aquarium_subvault_bridge,
          aquarium_subvault_balcony], aquarium_bridge_square
          [aquarium_subvault_wall, aquarium_subvault_wall,
          aquarium_subvault_window, aquarium_subvault_bridge],
          aquarium_window_corner, aquarium_window_corridor_2, aquarium_view_2c,
          aquarium_view_2c, aquarium_balcony_1a, aquarium_pool_1, uniq_nergalle
Temple:   minmay_freezing_vapour_temple

Skill      XL: |  1  2  3  4  5  6  7  8  9 10 |
---------------+-------------------------------+-----
Fighting       | 4 6 |  6.9
Armour         | 4 5 6 8 10 | 10.6
Shields        | 4 5 6 |  6.0
Axes           | 3 5 6 7 |  7.1
Throwing       | 2 3 |  3.0
Dodging        | 3 6 7 |  7.1
Invocations    | 3 |  3.0
Polearms       | 1 6 7 |  7.0

Action                   |  1- 3 |  4- 6 |  7- 9 | 10-12 || total
-------------------------+-------+-------+-------+-------++-------
Melee: War axe           |    67 |   102 |   215 |       ||   384
       Headbutt          |    11 |    17 |    59 |    21 ||   108
       Spear             |       |       |   147 |    61 ||   208
Throw: Dart              |       |       |     5 |     3 ||     8
Invok: Bend Time         |       |       |     2 |     1 ||     3
  Use: Potion            |       |     1 |     1 |     2 ||     4
       Scroll            |       |       |     1 |     1 ||     2
Armor: Scale mail        |    37 |    54 |   119 |       ||   210
       Swamp dragon scal |       |       |    20 |    34 ||    54
Dodge: Dodged            |    27 |    33 |   158 |    38 ||   256
Block: Buckler           |    12 |    30 |    96 |    22 ||   160
